 Dungeon Crawl Stone Soup version 0.28.0-47-ge53b351184 (console) character file.

Game seed: 11663561730437693364

2212 Faeu the Fighter (level 9, -3/82 HPs)
             Began as a Minotaur Fighter on May 2, 2022.
             Slain by a killer bee (4 damage)
             ... on level 9 of the Dungeon.
             The game lasted 00:15:56 (5540 turns).

Faeu the Fighter (Minotaur Fighter)                 Turns: 5540, Time: 00:15:57

Health: -3/82      AC: 14    Str: 36    XL:     9   Next: 13%
Magic:  8/8        EV:  9    Int:  5    God:
Gold:   248        SH:  5    Dex:  9    Spells: 8/8 levels left

rFire   . . .      SeeInvis .   b - +5 trident {vorpal, *Noise Will+ Str+4, polearm}
rCold   . . .      Faith    .   c - +0 buckler
rNeg    . . .      Spirit   .   d - +0 chain mail
rPois   +          Reflect  .   (helmet restricted)
rElec   .          Harm     .   h - +0 cloak
rCorr   .          Rampage  .   (no gloves)
Will    +....                   o - +0 pair of boots
Stlth   ..........              n - amulet of the acrobat
HPRegen 0.23/turn               u - ring of poison resistance
MPRegen 0.11/turn               H - +6 ring of strength

@: flying, invisible
A: horns 2, retaliatory headbutt
a: no special abilities


You were on level 9 of the Dungeon.
You visited 1 branch of the dungeon, and saw 8 of its levels.

You collected 248 gold pieces.


Innate Abilities, Weirdness & Mutations

You have a pair of horns on your head.
You reflexively headbutt those who attack you in melee.


   Skills:
 + Level 8.9 Fighting
 - Level 5.8(7.0) Axes
 + Level 5.7(6.9) Polearms
 + Level 8.8 Armour
 - Level 5.6 Shields


You had 8 spell levels left.
You didn't know any spells.
Your spell library contained the following spells:

 Spells                   Type           Power      Damage    Failure   Level
 Dazzling Flash           Conj/Hex       0%         N/A       100%        3
 Gell's Gravitas          Tloc           0%         N/A       100%        3
 Ignite Poison            Fire/Tmut/Pois 0%         N/A       100%        3
 Lesser Beckoning         Tloc           0%         N/A       100%        3
 Mephitic Cloud           Conj/Pois/Air  0%         N/A       100%        3
 Teleport Other           Tloc           0%         N/A       100%        3
 Agony                    Necr           0%         N/A       100%        5
 Freezing Cloud           Conj/Ice/Air   0%         6-21      100%        5
 Silence                  Hex/Air        0%         N/A       100%        5

Inventory:

Hand Weapons
 a - the +5 short sword "Wiceolau" {freeze, Dex+6, short}
   (You found it on level 5 of the Dungeon)

   It freezes those it strikes, dealing additional cold damage.
   It can also slow down cold-blooded creatures.
   Dex:       It affects your dexterity (+6).
 b - the +5 trident of Gluttony (weapon) {vorpal, *Noise Will+ Str+4, polearm}
   (You found it on level 6 of the Dungeon)

   It inflicts extra damage upon your enemies.
   Str:       It affects your strength (+4).
   *Noise:    It may make noises in combat.
   Will:      It increases your willpower.
 q - a +1 short sword of speed {short}
   (You took it off a kobold on level 4 of the Dungeon)
 v - a +4 dagger {short}
   (You took it off a kobold on level 4 of the Dungeon)
 w - a +2 dagger of draining {short}
   (You took it off a kobold brigand on level 4 of the Dungeon)
 A - a +0 war axe {axe}
Missiles
 m - 8 poisoned darts (quivered) {throwing}
Armour
 c - a +0 buckler (worn)
 d - a +0 chain mail (worn)
   (You found it on level 4 of the Dungeon)
 h - a +0 cloak (worn)
   (You found it on level 2 of the Dungeon)
 o - a +0 pair of boots (worn)
   (You found it on level 3 of the Dungeon)
 F - a +0 scale mail
Jewellery
 n - an amulet of the acrobat (around neck)
   (You found it on level 3 of the Dungeon)
 u - a ring of poison resistance (left hand)
   (You found it on level 4 of the Dungeon)
 y - a ring of ice
   (You took it off a kobold on level 4 of the Dungeon)
 B - a +6 ring of intelligence
   (You found it on level 5 of the Dungeon)
 H - a +6 ring of strength (right hand)
   (You found it on level 6 of the Dungeon)
 L - a +6 ring of strength
   (You found it on level 6 of the Dungeon)
 P - a +6 ring of intelligence
   (You found it on level 7 of the Dungeon)
Wands
 G - a wand of polymorph (12)
   (You found it on level 6 of the Dungeon)
 M - a wand of acid (10)
   (You found it on level 6 of the Dungeon)
 O - a wand of iceblast (12)
   (You found it on level 7 of the Dungeon)
Scrolls
 k - 3 scrolls of identify {@r1}
 l - a scroll of holy word {unknown}
 p - a scroll of fear {unknown}
 s - a scroll of fog {unknown}
 t - a scroll of brand weapon {unknown}
 x - a scroll of immolation {unknown}
 z - a scroll of enchant weapon {unknown}
 C - a scroll of blinking {unknown}
 D - 2 scrolls of silence {!r}
 E - a scroll of noise {unknown}
 I - 2 scrolls of magic mapping {unknown}
 J - a scroll of teleportation {unknown}
 K - a scroll of vulnerability {unknown}
Potions
 e - 2 potions of curing {@q1}
 f - a potion of haste {unknown}
 g - a potion of invisibility
 j - 3 potions of attraction {unknown}
 r - a potion of heal wounds {unknown}
 N - 2 potions of brilliance {unknown}

Dungeon Overview and Level Annotations

Branches:
Dungeon (7/15)             Temple (0/1) D:7            Lair (0/6) D:9

Altars:
Ashenzari
Uskayaw
Wu Jian

Shops:
D:2 [   D:6 *

Annotations:
D:4 2 transporters, hitsuchi's ghost, amateur NaTm

#..# #.
......... #..#
##.##........
#..# ..
#...#........
#..# _..
+...#........
#..#
..J.#...#......
#†.#
.?.J###..ooo.
#..#
...J#..S.Y###
#..+
#.⌠.JYyoY.Y###
#..#
#.##yyy###...##
#..# #....@##
###..## #Y.#
........#
##..####..#
.##...###
##?..##..#
.....#
###.[.... ..../
###.... ####
#####


You could see a very large slime creature, 3 slime creatures, 3 yaks, an orc
warrior, a water moccasin, 4 killer bees, 2 orc priests and an orc.


Message History

You kill the wyvern!
The wyvern hisses menacingly.
The wyvern closely misses you.
The wyvern bites you but does no damage.
You block the water moccasin's attack.
You have reached level 9!
Your experience leads to an increase in your attributes!
Your base attributes are Str 24, Int 5, Dex 9.
Increase (S)trength, (I)ntelligence, or (D)exterity?
You feel stronger. x2 😱 HP[+2] MP[+1]
You now have 82 max hp (+7).
You regained 2 hp, and now have 20/82 hp.
Your mp is fully restored (8).
You closely miss the wyvern. You headbutt the wyvern!
The wyvern bites you but does no damage.
The water moccasin bites you.
* * * LOW HITPOINT WARNING * * *
😱 HP[-1]
You take 1 damage, and now have 19/82 hp.
You hit the wyvern but do no damage. The wyvern barely misses you.
The water moccasin closely misses you.
The wyvern bites you but does no damage.
The water moccasin bites you.
* * * LOW HITPOINT WARNING * * *
😱 HP[-6]
You take 6 damage, and now have 13/82 hp.
You impale the wyvern!!
You kill the wyvern!
The water moccasin bites you but does no damage.
You puncture the water moccasin!
You kill the water moccasin! 😱 HP[+1]
The yak misses you. You furiously retaliate!
You headbutt the yak!
The yak snorts and paws the ground. 😱 HP[+1]
The yak completely misses you.
You see here a +0 scale mail. 😱 HP[+1] 😱 HP[+1]
A killer bee comes into view.
The killer bee buzzes angrily.
You hear an angry buzzing noise. x2
A killer bee comes into view. x2
You hear a shout! 2 orc priests and a killer bee come into view.
The orc priest shouts!
The killer bee buzzes angrily. x2; You hear a shout!
An orc comes into view. It is wielding a +0 short sword.
The orc priest calls down the wrath of Beogh upon you.
You easily resist.
An orc warrior comes into view. It is wielding a +0 long sword.
The orc warrior shouts!
A water moccasin comes into view.
The killer bee completely misses you. You furiously retaliate!
You headbutt the killer bee. 😱 HP[+1]
A slime creature comes into view.
The slime creature quivers.
The killer bee stings you but does no damage.
The slime creature moves out of view. 3 slime creatures come into view.
Found a broken altar of Ashenzari.
The slime creature quivers. x2
The orc priest mumbles some strange prayers to Beogh against you.
Beogh smites you!
* * * LOW HITPOINT WARNING * * *
A slime creature comes into view.
The killer bee misses you. You block the killer bee's attack.
A slime creature comes into view. 😱 HP[-13]
You take 13 damage, and now have 5/82 hp.
As you read the scroll labelled VAUJA XASMERGHE, it crumbles to dust.
It is a scroll of identify.
D - 2 scrolls of silence The slime creature quivers. x2
The killer bee stings you.
* * * LOW HITPOINT WARNING * * *
The killer bee stings you but does no damage.
The killer bee barely misses you. You furiously retaliate!
You headbutt the killer bee.
The orc priest miscasts a cantrip.
Two slime creatures merge to form a large slime creature.
You block the killer bee's attack. The killer bee barely misses you.
You block the killer bee's attack. 😱 HP[-2]
You take 2 damage, and now have 3/82 hp.
It was a potion of invisibility.
You fade into invisibility!
You block the killer bee's attack.
The killer bee stings you but does no damage. x2
The killer bee stings you.
* * * LOW HITPOINT WARNING * * *
The killer bee barely misses you.
The killer bee stings you but does no damage.
Two slime creatures merge to form a very large slime creature. 😱 HP[-2]
You take 2 damage, and now have 1/82 hp.
It was a potion of flight.
You feel very buoyant.
You fly up into the air.
The killer bee stings you.
You die...

Skill      XL: |  1  2  3  4  5  6  7  8 |
---------------+-------------------------+-----
Armour         | 4 5 7 8 |  8.8
Fighting       | 4 5 7 8 |  8.9
Shields        | 4 5 |  5.6
Axes           | 3 4 5 |  5.8
Polearms       | 3 5 |  5.7

Action                   |  1- 3 |  4- 6 |  7- 9 || total
-------------------------+-------+-------+-------++-------
Melee: War axe           |    87 |    72 |       ||   159
       Headbutt          |    13 |    13 |    21 ||    47
       Short sword       |       |       |    47 ||    47
       Trident           |       |       |    60 ||    60
       Dagger            |       |       |     2 ||     2
Evoke: Wand              |       |       |     1 ||     1
  Use: Potion            |       |     1 |     3 ||     4
       Scroll            |       |       |     1 ||     1
Armor: Scale mail        |    55 |     5 |       ||    60
       Chain mail        |       |    26 |    44 ||    70
Dodge: Dodged            |    52 |    21 |    68 ||   141
Block: Buckler           |    32 |    15 |    33 ||    80

Levels and vault maps discovered:
D:1:      minmay_arrival_checkered_box, layout_basic,
          hellmonk_ecumenical_altar_run_dry, st_stairs_13
D:2:      layout_rooms, serial_shops, nicolae_shop_crystal,
          chequers_serial_rivers_room_a, minmay_fountain_box
D:3:      layout_basic, chequers_serial_rivers_room_a, corexii_hall_statues_x,
          uniq_sigmund
D:4:      cheibrodos_thug_alley, layout_loops_ring, gammafunk_ghost_smash
D:5:      layout_loops_ring, nicolae_wu_jian_wuxing_cycle, chequers_mini_garden
D:6:      layout_basic, mainiacjoe_overflow_tiny_flanked, serial_shops,
          nicolae_lakefront_shop, hangedman_abyss_or_decor_stagger
D:7:      layout_basic, lemuel_blue_sif_altar, minmay_temple_entry_mist,
          hangedman_decor_lopped
D:9:      minmay_the_grid_4x2 [minmay_the_grid_embedded,
          minmay_the_grid_holed_spiral, minmay_the_grid_pillar_ring,
          minmay_the_grid_stretched_grid, minmay_the_grid_small_cups,
          minmay_the_grid_dragon_b, minmay_the_grid_minigrid_large,
          minmay_the_grid_prize_big_room], layout_basic,
          evilmike_ruin_ashenzari, minmay_lair_entry_grove, grunt_ogre_cave,
          minivault_27

Notes
Turn   | Place    | Note
-------+----------+-------------------------------------------
     0 | D:1      | Faeu the Minotaur Fighter began the quest for the Orb.
     0 | D:1      | Reached XP level 1. HP: 19/19 MP: 0/0
     0 | D:1      | magus.rc [v1.9.6]
    24 | D:1      | Found a faded altar of an unknown god.
   224 | D:1      | Reached XP level 2. HP: 26/27 MP: 1/1
   443 | D:1      | Reached skill level 4 in Armour
   463 | D:1      | Reached skill level 4 in Fighting
   576 | D:1      | You add the spells Ignite Poison, Mephitic Cloud and
                  | Freezing Cloud to your library.
   626 | D:1      | Reached skill level 4 in Shields
   743 | D:2      | Reached skill level 3 in Axes
   752 | D:2      | Reached XP level 3. HP: 29/33 MP: 2/2
   811 | D:2      | Found Voclenlep's Antique Armour Shoppe.
  1614 | D:3      | You pick up a book of Displacement and begin reading...
  1614 | D:3      | You add the spells Lesser Beckoning, Gell's Gravitas and
                  | Teleport Other to your library.
  1777 | D:3      | Reached XP level 4. HP: 41/41 MP: 3/3
  1808 | D:3      | Noticed Sigmund
  1818 | D:3      | Killed Sigmund
  1819 | D:3      | Reached skill level 5 in Fighting
  1819 | D:3      | Reached skill level 4 in Axes
  1819 | D:3      | Reached skill level 5 in Armour
  1819 | D:3      | Reached skill level 5 in Shields
  1819 | D:3      | Reached XP level 5. HP: 37/48 MP: 4/4
  2453 | D:4      | Reached XP level 6. HP: 49/56 MP: 5/5
  2894 | D:4      | Found a transporter.
  2895 | D:4      | Found a transporter.
  2895 | D:4      | Noticed hitsuchi's ghost (amateur NaTm)
  2898 | D:4      | Identified the +6 great mace of the Jolly Moons {drain,
                  | Fragile rElec MP+9}
  3044 | D:4      | Reached skill level 5 in Axes
  3044 | D:4      | Reached XP level 7. HP: 45/51 MP: 6/6
  3263 | D:5      | Entered Level 5 of the Dungeon
  3264 | D:5      | Identified the +5 short sword "Wiceolau" {freeze, Dex+6}
  3356 | D:5      | Reached skill level 6 in Fighting
  3356 | D:5      | Reached skill level 6 in Armour
  3525 | D:5      | Found an ornate altar of the Wu Jian Council.
  4063 | D:6      | Identified the +5 trident of Gluttony {vorpal, *Noise Will+
                  | Str+4}
  4074 | D:6      | Found a hide-covered altar of Uskayaw.
  4195 | D:6      | Reached skill level 1 in Polearms
  4695 | D:6      | Found Edikag's General Store.
  4803 | D:7      | Noticed a two-headed ogre
  4808 | D:7      | Found a staircase to the Ecumenical Temple.
  4820 | D:7      | Killed a two-headed ogre
  4821 | D:7      | Reached skill level 7 in Fighting
  4821 | D:7      | Reached skill level 3 in Polearms
  4821 | D:7      | Reached skill level 7 in Armour
  4821 | D:7      | Reached XP level 8. HP: 28/74 MP: 7/7
  4834 | D:7      | Reached skill level 4 in Polearms
  4874 | D:7      | Reached skill level 8 in Fighting
  5044 | D:7      | Reached skill level 8 in Armour
  5363 | D:7      | You pick up a book of the Senses and begin reading...
  5363 | D:7      | You add the spells Dazzling Flash, Agony and Silence to
                  | your library.
  5461 | D:7      | You fall into a shaft and drop 2 floors!
  5479 | D:9      | Found a staircase to the Lair.
  5490 | D:9      | Reached skill level 5 in Polearms
  5509 | D:9      | HP: 10/75 [wyvern (11)]
  5514 | D:9      | Reached XP level 9. HP: 20/82 MP: 8/8
  5514 | D:9      | HP: 19/82 [water moccasin (1)]
  5537 | D:9      | Found a broken altar of Ashenzari.
  5537 | D:9      | HP: 5/82 [orc priest/divine providence (13)]
  5539 | D:9      | HP: 1/82 [killer bee (3)]
  5540 | D:9      | Slain by a killer bee

Vanquished Creatures
  A two-headed ogre (D:7)
  Sigmund (D:3)
  2 wyverns (D:9)
  2 water moccasins (D:9)
  2 ogres
  2 kobold brigands
  A scorpion (D:5)
  A wyvern zombie (D:7)
  A water moccasin skeleton (D:7)
  2 hounds
  A centaur skeleton (D:7)
  2 orc priests
  3 iguanas
  2 bullfrog skeletons (D:5)
  An orc wizard (D:6)
  6 adders
  A shadow imp (D:6)
  3 white imps
  2 dart slugs
  11 orcs
  11 ball pythons
  8 endoplasms
  2 giant cockroaches
  8 goblins
  6 hobgoblins
  6 quokkas
  6 bats
  6 frilled lizards
  15 kobolds
  6 rats
121 creatures vanquished.

Vanquished Creatures (others)
  A fungus (D:9)
  8 plants (D:9)
9 creatures vanquished.

Grand Total: 130 creatures vanquished

Table legend:
 A = Non-vault XP
 B = Vault XP
 C = Vault XP percentage of total XP
 D = Non-vault monster count
 E = Vault monster count
 F = Vault count percentage of total count
                 A         B        C        D         E       F
            +---------+---------+-------+---------+---------+-------
      Total |    2117 |    1043 |  33.0 |     105 |      16 |  13.2
            +---------+---------+-------+---------+---------+-------
        D:1 |      30 |       4 |  11.8 |      19 |       2 |   9.5
        D:2 |      26 |       0 |   0.0 |      14 |       0 |   0.0
        D:3 |      43 |     227 |  84.1 |      20 |       1 |   4.8
        D:4 |     308 |     106 |  25.6 |      19 |       9 |  32.1
        D:5 |     384 |       0 |   0.0 |      13 |       0 |   0.0
        D:6 |     108 |       0 |   0.0 |       7 |       0 |   0.0
        D:7 |    1218 |       0 |   0.0 |      13 |       0 |   0.0
        D:9 |       0 |     706 | 100.0 |       0 |       4 | 100.0
            +---------+---------+-------+---------+---------+-------

Illustrated notes

Table legend:
 A = Kills in this place as a percentage of kills in entire the game.
 B = Kills by you in this place as a percentage of kills by you in the entire game.
 C = Kills by friends in this place as a percentage of kills by friends in the entire game.
 D = Other kills in this place as a percentage of other kills in the entire game.
 E = Experience gained in this place as a percentage of experience gained in the entire game.
 F = Experience gained in this place divided by the number of levels of this place that you have seen.
                   A       B       C       D       E      F
               +-------+-------+-------+-------+-------+----------------------
         Total | 100.0 | 100.0 |   N/A |   N/A | 100.0 | 395.0
       Dungeon | 100.0 | 100.0 |   N/A |   N/A | 100.0 | 395.0
               +-------+-------+-------+-------+-------+----------------------

Table legend: (Time is in decaauts)
 A = Elapsed time spent in this place.
 B = Non-inter-level travel time spent in this place.
 C = Inter-level travel time spent in this place.
 D = Time resting spent in this place.
 E = Time spent auto-exploring this place.
 F = Levels seen in this place.
 G = Mean time per level.
                   A        B        C        D        E       F      G
               +--------+--------+--------+--------+--------+-----+--------+
         Total |   5612 |   5474 |    138 |    153 |   3827 |   8 |  701.5 |
       Dungeon |   5612 |   5474 |    138 |    153 |   3827 |   8 |  701.5 |
               +--------+--------+--------+--------+--------+-----+--------+

Top non-repeatable levels by time:
     D:3: 1011 daAuts
     D:4: 970 daAuts
     D:6: 899 daAuts
     D:5: 785 daAuts
     D:1: 748 daAuts
     D:2: 597 daAuts
     D:7: 520 daAuts
     D:9: 78 daAuts
